Map: Dusk Towers

Players

Varest

  • Race: Terran Terran

A.I. 1 (Very Easy) - Winner!

  • Race: Zerg Zerg

VOD

Have the link to the VOD?

Description

Time

  • Played on: Dec. 8, 2015, 6:01 p.m.
  • Length: 10:09
Show
View Real Time Build Order
Export as new Build Order

Varest Terran 

Build Orders: Reaper Expand, MMM Bio 

Get SALT Encoding   

  12  0:00  SCV  
  13  0:12  SCV  
  14  0:19  Supply Depot  
  14  0:25  SCV  
  15  0:41  SCV  
  15  0:42  Barracks  
  16  0:46  Refinery  
  16  0:53  SCV  
  17  1:05  SCV  
  18  1:17  SCV  
  19  1:30  Reaper, Orbital Command  
  20  1:43  Command Center  
  20  1:51  Refinery  
  20  1:58  SCV, Supply Depot  
  21  2:02  Marine  
  22  2:10  SCV  
  23  2:22  SCV, Factory  
  24  2:28  Barracks Reactor  
  24  2:34  SCV  
  25  2:46  SCV  
  26  2:54  Orbital Command  
  26  2:59  SCV  
  26  3:05  Factory Tech Lab  
  27  3:09  Starport, Marine x2  
  27  3:11  SCV  
  30  3:16  Supply Depot  
  30  3:20  SCV  
  30  3:23  SCV  
  30  3:24  Siege Tank  
  35  3:27  Marine x2  
  35  3:32  SCV  
  38  3:35  SCV  
  39  3:44  Supply Depot  
  39  3:45  SCV, Marine x2  
  39  3:47  SCV  
  39  3:48  Starport Tech Lab  
  43  3:56  Siege Tank  
  43  3:57  SCV  
  43  3:59  SCV  
  48  4:03  Marine x2  
  48  4:07  Banshee  
  48  4:09  SCV  
  54  4:10  Cloaking Field  
  54  4:11  SCV  
  54  4:15  Refinery x2  
  55  4:20  Marine  
  55  4:21  SCV, Marine  
  55  4:23  SCV  
  59  4:33  SCV  
  59  4:34  Engineering Bay  
  59  4:35  SCV  
  61  4:43  Supply Depot  
  61  4:45  Marine  
  62  5:00  Barracks  
  62  5:01  Barracks  
  62  5:05  SCV x2, Marine  
  65  5:08  Command Center  
  65  5:09  Banshee  
  65  5:12  Siege Tank  
  71  5:16  Terran Infantry Weapons Level 1  
  71  5:17  SCV x2  
  73  5:22  Supply Depot  
  73  5:28  Supply Depot  
  73  5:38  Marine x2  
  75  5:50  Barracks Reactor x2  
  75  6:05  Liberator x2  
  75  6:14  SCV x2  
  75  6:17  Combat Shields, Stimpack  
  77  6:19  Marine x2  
  85  6:26  SCV x2  
  85  6:28  Supply Depot  
  85  6:30  Supply Depot  
  85  6:31  Marine x2  
  89  6:37  Marine x2  
  89  6:38  SCV x2  
  93  6:47  Orbital Command  
  93  6:49  Marine x2  
  93  6:50  SCV x2  
  97  6:55  Engineering Bay, Marauder x2  
  97  7:00  Armory  
  101  7:02  SCV  
  101  7:05  Medivac x2  
  101  7:07  Marine x2  
  109  7:14  SCV x2  
  111  7:17  Marauder x2  
  111  7:18  Liberator x2  
  115  7:23  Supply Depot, SCV  
  115  7:24  Terran Infantry Armor Level 1, Marine x2, Supply Depot  
  115  7:26  SCV x2  
  119  7:36  SCV  
  126  7:38  Marauder x2  
  126  7:42  Marine x2  
  133  7:45  SCV, Supply Depot  
  133  7:46  Supply Depot  
  133  7:58  Barracks  
  133  7:59  Barracks, Marauder  
  133  8:00  Marine x2, Barracks, Marauder  
  133  8:03  Barracks  
  139  8:09  Terran Ship Weapons Level 1  
  139  8:18  Marine x2, Medivac x2  
  145  8:21  Marauder x2  
  145  8:24  Supply Depot  
  145  8:25  Supply Depot x2  
  149  8:27  Concussive Shells  
  149  8:30  Liberator x2  
  149  8:36  Marine  
  157  8:49  Barracks Reactor x2  
  157  8:50  Barracks Reactor  
  157  8:51  Marine  
  157  8:53  Barracks Reactor  
  157  8:54  Marine x3  
  160  9:02  Refinery  
  160  9:03  Refinery  
  160  9:09  Supply Depot, Marine  
  161  9:10  Supply Depot  
  161  9:12  Marine x3  
  164  9:26  Marine  
  164  9:29  Marine  
  164  9:30  Medivac x2, Marauder x2  
  164  9:31  Command Center  
  174  9:32  Marine x3  
  174  9:33  Marine x5  
  182  9:44  Marine  
  183  9:47  Marine  
  183  9:50  Barracks, Marine x4  
  183  9:51  Barracks, Marine x2  
  196  9:52  Barracks  
Show
View Real Time Build Order
Export as new Build Order

A.I. 1 (Very Easy) Zerg - Winner!

Build Orders: Hatch First 

Get SALT Encoding   

  12  0:01  Drone  
  13  0:12  Overlord  
  13  0:17  Drone  
  14  0:42  Hatchery  
  13  0:44  Drone  
  14  1:02  Spawning Pool  
  13  1:05  Extractor  
  13  1:06  Drone  
  13  1:13  Drone  
  14  1:19  Overlord  
  14  1:50  Queen, Zergling x2  
  14  1:52  Zergling x2  
  18  1:59  Roach Warren  
  17  2:02  Drone  
  17  2:08  Extractor  
  17  2:12  Drone  
  18  2:16  Zergling x2  
  18  2:21  Drone  
  20  2:28  Drone  
  21  2:35  Drone  
  22  2:42  Drone  
  23  2:50  Drone  
  24  2:57  Drone  
  25  3:04  Drone  
  26  3:07  Roach  
  26  3:10  Overlord  
  28  3:15  Drone  
  29  3:22  Drone  
  30  3:29  Drone  
  31  3:36  Drone  
  32  3:43  Overlord  
  32  3:46  Drone  
  33  3:51  Lair  
  33  3:53  Drone  
  34  3:58  Roach  
  36  4:03  Drone  
  37  4:11  Drone  
  38  4:18  Drone  
  39  4:25  Drone  
  40  4:32  Drone  
  40  4:33  Overlord  
  41  4:39  Drone  
  42  4:46  Drone  
  42  4:48  Overseer, Roach  
  42  4:52  Overseer  
  45  4:54  Drone  
  45  4:55  Extractor  
  45  5:01  Drone  
  45  5:02  Extractor  
  45  5:08  Drone  
  46  5:15  Drone  
  47  5:22  Drone  
  48  5:30  Drone  
  49  5:37  Drone  
  49  5:39  Roach  
  52  5:44  Drone  
  53  7:48  Overseer  
  53  7:49  Overlord  
Tags
 
Add a new tag
Caveats
  • Supply blocks, unpowered buildings, or Contaminate may cause inaccurate times.
  • Supply counts are checked every 10 seconds.